 Seeded DCSS version 0.30.0-29-ga12c61a403 (webtiles) character file.

Game seed: 18007716519941398942 (custom seed)

14 Dadbod the Shield-Bearer (level 2, 24/24 HPs)
             Began as a Formicid Fighter on June 5, 2023.
             Quit the game on level 1 of the Dungeon.
             The game lasted 00:01:38 (203 turns).

Dadbod the Shield-Bearer (Formicid Fighter)          Turns: 203, Time: 00:01:39

Health: 24/24      AC:  6    Str: 20    XL:     2   Next: 60%
Magic:  2/2        EV:  9    Int:  7    God:
Gold:   430        SH:  5    Dex: 13    Spells: 1/1 levels left

rFire   . . .        a - +0 flail
rCold   . . .        c - +0 buckler
rNeg    . . .        b - +0 scale mail
rPois   .            (helmet unavailable)
rElec   .            (no cloak)
rCorr   .            (no gloves)
SInv    +            (no boots)
Will    .....        e - amulet of the acrobat Stlth
                     (no ring)
HPRegen 0.24/turn    (no ring)
MPRegen 0.08/turn

%: acrobat
@: studying Maces & Flails
A: permanent stasis, dig shafts and tunnels, antennae 3, four strong arms
a: Dig, Shaft Self


You were on level 1 of the Dungeon.
You visited 1 branch of the dungeon, and saw 1 of its levels.

You collected 430 gold pieces.

Inventory:

Hand Weapons
 a - a +0 flail (weapon)
Armour
 b - a +0 scale mail (worn)
 c - a +0 buckler (worn)
Jewellery
 e - an amulet of the acrobat (around neck)
 h - the ring of Imuwukec {rN+ EV+5 Int+6 Dex+2}
   (You acquired it on level 1 of the Dungeon)

   [ring of evasion]

   EV:        It affects your evasion (+5).
   Int:       It affects your intelligence (+6).
   Dex:       It affects your dexterity (+2).
   rN:        It protects you from negative energy.
Scrolls
 g - a scroll of fog {unknown}
Potions
 d - a potion of might
 f - 2 potions of heal wounds {unknown}


   Skills:
 + Level 3.5 Fighting
 + Level 2.1 Maces & Flails
 + Level 3.6 Armour
 + Level 4.2 Shields


You had one spell level left.
You didn't know any spells.
Your spell library was empty.

Dungeon Overview and Level Annotations

Branches:
Dungeon (1/15)

Altars:


Innate Abilities, Weirdness & Mutations

You cannot be hasted, slowed, berserked, paralysed or teleported.
You can dig through walls and to a lower floor.
You have a pair of large antennae on your head. (SInv)
Your four strong arms can wield two-handed weapons with a shield.


Message History

You hit the kobold.
You kill the kobold!
Things that are here:
a +0 dagger; a kobold corpse
Found 2 lumpy sapphire potions.
f - 2 lumpy sapphire potions
Found a scroll labelled UNKIPPOYZU.
A goblin comes into view. It is wielding a +0 dagger.
The goblin shouts!
An endoplasm comes into view.
You see here a scroll labelled UNKIPPOYZU.
There are monsters nearby!
g - a scroll labelled UNKIPPOYZU A frilled lizard comes into view.
The frilled lizard hisses angrily.
You miss the goblin. You block the goblin's attack.
You sock the goblin!
You kill the goblin!
You hit the endoplasm.
The endoplasm is almost dead.
The endoplasm barely misses you. The endoplasm freezes you.
You are frozen.
You sock the endoplasm!
You kill the endoplasm!
You sock the frilled lizard!
You kill the frilled lizard!
Things that are here:
a +0 dagger; a frilled lizard corpse
Found 3 scrolls labelled DICAOL JAOKK.
h - 3 scrolls labelled DICAOL JAOKK This is a scroll of acquirement!
Something appears at your feet!
You now have 430 gold pieces (gained 421).
You see here a manual of Maces & Flails.
Something appears at your feet!
You pick up a manual of Maces & Flails and begin studying.
Something appears at your feet!
h - the ring of Imuwukec {rN+ EV+5 Int+6 Dex+2} Are you sure you want to abandon this character and quit the game? (Confirm with "yes".)

.............(
..##.#.######
.###.#.# .#
#.#.##############
.#
#.#..............#
.#
#.#############.##
.# #.# #.. ..#.#
## #.# #.# #.#)#
#.# #@#.# #.#
#.#.# ##.###.#.#
#..)...#.#
#..###.#.# #..#
#.#.# #..# ###.#
#..# #.# #..# #.#


There were no monsters in sight!

Vanquished Creatures
  3 endoplasms (D:1)
  A goblin (D:1)
  A hobgoblin (D:1)
  4 jackals (D:1)
  A kobold (D:1)
  A frilled lizard (D:1)
11 creatures vanquished.

Notes
Turn   | Place    | Note
-------+----------+-------------------------------------------
     0 | D:1      | Dadbod the Formicid Fighter began the quest for the Orb.
     0 | D:1      | Reached XP level 1. HP: 18/18 MP: 1/1
    33 | D:1      | Reached XP level 2. HP: 8/24 MP: 2/2
   197 | D:1      | Identified 3 scrolls of acquirement
   197 | D:1      | Acquired 421 gold pieces
   199 | D:1      | Acquired a manual of Maces & Flails
   201 | D:1      | Acquired the ring of Imuwukec {rN+ EV+5 Int+6 Dex+2}
   203 | D:1      | Quit the game

Illustrated notes

Levels and vault maps discovered:
D:1:      psy_arrival_dodecagon, layout_basic,
          dreamdust_ecumenical_altar_sealed_demon

Action                     || total
---------------------------++-------
  Melee: Flail             ||    34
    Use: Scroll            ||     3
 Armour: Scale mail        ||    12
  Dodge: Dodged            ||    22
  Block: Buckler           ||     8
